Map: [ESL] Alcyone

Players

Cyan

  • Race: Protoss Protoss
  • Spawn Location: 7:00

Lambo - Winner!

  • Race: Zerg Zerg
  • Spawn Location: 1:00

Event: ESL SC2 Masters 2023 Winter (Finals)

VOD

Have the link to the VOD?

Description

Time

  • Played on: Dec. 16, 2023, 9:50 a.m.
  • Length: 14:27

All games in this series

Show
View Real Time Build Order
Export as new Build Order

Cyan Protoss 

Build Orders: 1 Gate Expand 

Get SALT Encoding   

  12  0:00  Probe  
  13  0:14  Pylon  
  13  0:17  Probe (Chrono Boost)  
  14  0:27  Probe (Chrono Boost)  
  15  0:31  Probe (Chrono Boost)  
  16  0:39  Gateway  
  16  0:43  Probe  
  16  0:49  Assimilator  
  17  0:55  Probe  
  18  1:08  Probe  
  19  1:20  Probe  
  19  1:25  Nexus  
  20  1:35  Cybernetics Core  
  20  1:38  Probe  
  21  1:44  Assimilator  
  21  1:50  Probe  
  21  1:54  Pylon  
  22  2:03  Probe (Chrono Boost)  
  23  2:09  Adept (Chrono Boost)  
  23  2:11  Warp Gate  
  23  2:14  Probe (Chrono Boost)  
  26  2:19  Probe (Chrono Boost)  
  27  2:26  Stargate  
  28  2:31  Probe (Chrono Boost)  
  28  2:35  Stalker  
  30  2:38  Probe (Chrono Boost)  
  32  2:47  Probe x2 (Chrono Boost)  
  33  2:55  Probe x2  
  35  3:02  Gateway  
  35  3:08  Probe (Chrono Boost)  
  35  3:09  Probe (Chrono Boost)  
  38  3:20  Fleet Beacon  
  38  3:23  Probe (Chrono Boost)  
  38  3:25  Probe (Chrono Boost)  
  39  3:28  Probe (Chrono Boost)  
  39  3:29  Pylon  
  39  3:31  Probe  
  31  3:34  Adept  
  41  3:37  Probe  
  41  3:38  Assimilator  
  41  3:41  Assimilator  
  44  3:47  Stargate  
  44  3:48  Probe  
  45  3:49  Probe  
  46  3:58  Pylon  
  46  4:00  Probe  
  46  4:01  Probe  
  48  4:12  Tempest (Chrono Boost), Probe  
  48  4:16  Probe  
  55  4:19  Pylon  
  55  4:21  Pylon  
  56  4:27  Zealot x2  
  61  4:37  Probe  
  65  4:39  Tempest (Chrono Boost)  
  65  4:45  Tempest (Chrono Boost)  
  70  4:47  Pylon  
  69  5:00  Zealot  
  69  5:08  Zealot  
  69  5:11  Shield Battery, Probe x2  
  69  5:12  Pylon  
  74  5:21  Tempest (Chrono Boost)  
  74  5:25  Zealot  
  76  5:29  Tempest (Chrono Boost)  
  81  5:36  Pylon  
  81  5:42  Zealot  
  79  5:53  Zealot  
  71  5:57  Pylon  
  76  6:11  Void Ray (Chrono Boost)  
  79  6:13  Sentry  
  79  6:14  Zealot, Probe  
  79  6:15  Probe  
  85  6:19  Void Ray (Chrono Boost)  
  85  6:23  Shield Battery  
  85  6:27  Probe  
  86  6:35  Sentry  
  86  6:36  Zealot  
  86  6:39  Unknown  
  88  6:44  Pylon  
  88  6:47  Void Ray  
  96  6:55  Void Ray  
  96  7:00  Zealot  
  98  7:06  Nexus  
  80  7:22  Probe  
  70  7:30  Void Ray  
  70  7:33  Probe (Chrono Boost)  
  70  7:34  Probe (Chrono Boost)  
  75  7:38  Void Ray  
  75  7:39  Zealot  
  77  7:46  Probe (Chrono Boost)  
  77  7:50  Probe (Chrono Boost)  
  79  7:53  Probe (Chrono Boost)  
  79  7:57  Probe (Chrono Boost)  
  81  7:58  Gateway  
  81  8:01  Cybernetics Core  
  76  8:05  Probe  
  76  8:09  Flux Vanes, Probe  
  82  8:13  Void Ray  
  86  8:20  Probe  
  86  8:21  Void Ray, Probe  
  88  8:33  Probe x2  
  90  8:55  Void Ray  
  90  8:58  Probe x2  
  96  9:03  Nexus  
  96  9:04  Void Ray  
  96  9:10  Stargate, Probe  
  97  9:25  Protoss Air Weapons Level 1 (Chrono Boost)  
  97  9:27  Probe  
  97  9:29  Pylon  
  101  9:38  Void Ray  
  101  9:55  Void Ray  
  101  10:04  Void Ray  
  85  10:17  Probe x2  
  85  10:21  Zealot x2, Void Ray  
  78  10:29  Probe x2  
  78  10:33  Probe  
  85  10:37  Shield Battery  
  85  10:41  Probe x2  
  87  10:42  Adept  
  87  10:43  Adept  
  87  10:44  Void Ray (Chrono Boost)  
  87  10:46  Probe  
  92  10:53  Probe x2  
  102  11:06  Void Ray (Chrono Boost)  
  102  11:09  Void Ray (Chrono Boost)  
  105  11:27  Void Ray (Chrono Boost)  
  109  11:42  Void Ray (Chrono Boost)  
  109  11:43  Adept x2  
  109  11:44  Probe x2  
  109  11:45  Probe  
  112  11:47  Assimilator  
  112  11:49  Void Ray (Chrono Boost), Assimilator  
  112  11:55  Forge  
  112  11:56  Probe x2, Pylon  
  112  11:58  Probe  
  112  11:59  Shield Battery  
  119  12:04  Void Ray, Shield Battery  
  127  12:26  Nexus  
  127  12:29  Pylon  
  125  12:40  Photon Cannon  
  125  12:41  Photon Cannon  
  125  12:42  Tempest (Chrono Boost)  
  125  12:43  Photon Cannon  
  125  12:45  Photon Cannon  
  125  12:47  Tempest (Chrono Boost)  
  125  12:50  Tempest (Chrono Boost)  
  130  12:53  Zealot  
  130  12:55  Sentry  
  134  13:06  Shield Battery  
  134  13:15  Tempest (Chrono Boost)  
  134  13:25  Tempest  
  139  13:28  Shield Battery  
  139  13:29  Pylon  
  139  13:31  Probe x2  
  139  13:34  Shield Battery  
  127  14:04  Stalker x2  
Show
View Real Time Build Order
Export as new Build Order

Lambo Zerg - Winner!

Build Orders: Hatch First 

Get SALT Encoding   

  12  0:00  Drone  
  13  0:12  Overlord  
  13  0:17  Drone  
  14  0:31  Drone x2  
  16  0:36  Drone  
  17  0:52  Hatchery  
  17  0:55  Drone  
  17  0:58  Drone  
  18  1:09  Extractor  
  17  1:13  Spawning Pool  
  17  1:16  Drone  
  17  1:19  Drone  
  18  1:27  Drone  
  19  1:40  Drone  
  20  1:49  Drone  
  21  2:02  Zergling x2  
  21  2:03  Queen  
  21  2:04  Zergling x2, Queen  
  27  2:09  Metabolic Boost  
  27  2:15  Overlord  
  27  2:17  Drone  
  28  2:34  Zergling x2  
  29  2:37  Drone x3  
  29  2:41  Queen  
  29  2:43  Overlord  
  34  2:49  Hatchery  
  33  2:55  Zergling x2  
  33  3:01  Drone  
  33  3:02  Queen  
  33  3:03  Zergling x2  
  37  3:12  Drone x3  
  39  3:14  Zergling x2  
  39  3:15  Overlord  
  39  3:16  Drone  
  41  3:20  Queen  
  41  3:21  Drone  
  44  3:33  Drone x3  
  47  3:37  Drone  
  47  3:39  Roach Warren, Queen  
  49  3:44  Drone  
  49  3:46  Drone x2, Extractor  
  51  3:48  Drone  
  51  3:50  Overlord  
  51  3:52  Overlord  
  52  4:04  Overlord  
  52  4:10  Zergling x10  
  52  4:12  Queen  
  52  4:13  Overlord  
  52  4:17  Spore Crawler  
  58  4:19  Drone x3  
  58  4:23  Roach  
  63  4:27  Roach  
  63  4:30  Spore Crawler, Roach x2  
  68  4:33  Roach  
  68  4:35  Roach  
  72  4:42  Roach x2  
  76  4:47  Roach  
  76  4:49  Roach  
  79  4:58  Roach x2, Overlord  
  83  5:06  Drone x2, Spore Crawler, Queen  
  86  5:10  Drone x4  
  86  5:13  Drone x2  
  90  5:14  Lair  
  90  5:19  Drone x3  
  93  5:24  Drone x3  
  93  5:25  Drone  
  97  5:29  Drone x2, Extractor  
  97  5:31  Overlord  
  97  5:35  Overlord  
  98  5:38  Overlord  
  93  5:50  Drone x4  
  93  5:52  Drone  
  93  5:54  Drone x3  
  98  5:58  Extractor  
  98  5:59  Extractor, Hatchery  
  98  6:00  Zergling x8  
  98  6:05  Zergling x6  
  98  6:09  Zergling x2  
  100  6:16  Spire  
  99  6:18  Zergling x16  
  99  6:22  Drone x3  
  110  6:26  Drone x2  
  106  6:43  Overlord  
  106  6:44  Overlord  
  102  6:48  Roach x3, Queen  
  102  6:51  Overlord  
  102  6:52  Overlord  
  102  6:53  Drone x2  
  104  6:55  Overlord  
  104  6:56  Overlord  
  99  7:03  Ravager x2  
  99  7:04  Drone x2  
  99  7:05  Ravager  
  99  7:08  Drone x4, Ravager  
  83  7:26  Hatchery  
  83  7:28  Corruptor  
  83  7:29  Corruptor x4  
  84  7:33  Corruptor  
  84  7:36  Corruptor x2  
  86  7:39  Corruptor  
  86  7:44  Corruptor  
  84  7:48  Corruptor  
  86  7:56  Corruptor  
  85  8:09  Corruptor  
  85  8:12  Queen x2  
  91  8:13  Extractor  
  91  8:14  Corruptor  
  91  8:21  Hatchery  
  91  8:24  Zergling x2  
  91  8:25  Queen  
  93  8:29  Corruptor  
  93  8:31  Extractor  
  94  8:34  Drone  
  94  8:35  Corruptor  
  97  8:43  Corruptor  
  97  8:48  Queen  
  99  8:54  Corruptor  
  93  9:01  Queen  
  95  9:04  Corruptor  
  97  9:12  Corruptor  
  99  9:19  Hatchery  
  98  9:24  Corruptor  
  98  9:28  Queen  
  98  9:31  Corruptor  
  102  9:37  Queen  
  104  9:42  Corruptor  
  96  9:49  Corruptor  
  90  10:00  Corruptor  
  90  10:12  Corruptor  
  84  10:17  Queen x2  
  80  10:23  Corruptor  
  80  10:27  Zergling x2  
  80  10:28  Zergling x28  
  94  10:35  Drone x2, Queen  
  98  10:39  Corruptor  
  100  10:43  Glial Reconstitution  
  100  10:45  Drone x2  
  100  10:49  Corruptor  
  104  10:52  Drone x3  
  104  10:55  Corruptor  
  109  10:59  Corruptor  
  109  11:02  Drone x3  
  114  11:06  Corruptor  
  114  11:09  Queen  
  117  11:12  Queen  
  117  11:14  Drone  
  117  11:16  Spore Crawler  
  116  11:28  Corruptor x3  
  116  11:31  Drone  
  116  11:32  Drone x2  
  122  11:34  Drone x3  
  122  11:39  Drone x3  
  124  11:42  Drone x3  
  124  11:43  Drone  
  124  11:46  Drone x2  
  129  11:48  Pneumatized Carapace  
  129  11:54  Corruptor  
  129  11:58  Corruptor  
  133  12:07  Queen x2  
  137  12:09  Roach x3  
  142  12:17  Overlord  
  142  12:18  Overlord  
  142  12:22  Overlord  
  142  12:23  Overlord  
  142  12:26  Overlord  
  142  12:28  Overlord  
  142  12:32  Overlord  
  142  12:34  Overlord  
  142  12:35  Queen  
  142  12:36  Queen  
  144  12:43  Queen  
  146  12:49  Queen  
  146  12:50  Roach x2  
  152  12:51  Ravager x3  
  152  12:56  Roach x2, Corruptor  
  161  12:58  Corruptor  
  161  13:01  Corruptor  
  164  13:07  Roach x2  
  164  13:10  Queen  
  167  13:18  Roach x7  
  175  13:20  Ravager x4  
  175  13:24  Zergling x2  
  175  13:25  Zergling x8  
  184  13:30  Infestation Pit  
  184  13:33  Evolution Chamber  
  182  13:38  Zergling x14  
  173  13:51  Zergling x18  
  168  14:00  Zergling x20  
  164  14:06  Zergling x12  
  164  14:07  Ravager  
  164  14:08  Ravager  
Tags
 
Add a new tag
Caveats
  • Supply blocks, unpowered buildings, or Contaminate may cause inaccurate times.
  • Supply counts are checked every 10 seconds.